 Dungeon Crawl Stone Soup version 0.30-a0-715-gdb4ae3ece1 (webtiles) character file.

Game seed: 11963325582809854132

117 mopl the Magician (level 5, -13/31 HPs)
             Began as an Octopode Hedge Wizard on Jan 23, 2023.
             Mangled by an ogre
             ... wielding a +0 giant spiked club
              (36 damage)
             ... on level 5 of the Dungeon.
             The game lasted 00:05:50 (2995 turns).

mopl the Magician (Octopode Hedge Wizard)           Turns: 2995, Time: 00:05:50

Health: -13/31     AC:  1    Str: 16    XL:     5   Next: 1%
Magic:  10/10      EV: 13    Int: 18    God:
Gold:   9          SH:  0    Dex: 11    Spells: 5/11 levels left

rFire   . . .      SeeInvis .    a - +1 short sword (speed)
rCold   . . .      Faith    .    (no shield)
rNeg    . . .      Spirit   .    b - +0 hat
rPois   .          Reflect  .    (no amulet)
rElec   .          Harm     .    e - ring of willpower
rCorr   .          Rampage  .    g - +6 ring of strength
Will    +....                    (no ring)
Stlth   ++++                     (no ring)
HPRegen 0.25/turn                (no ring)
MPRegen 0.12/turn                (no ring)
                                 (no ring)
                                 (no ring)

@: no status effects
A: almost no armour, amphibious, 8 rings, camouflage 1, gelatinous body 1,
nimble swimmer 1, tentacles
a: no special abilities


You were on level 5 of the Dungeon.
You visited 1 branch of the dungeon, and saw 5 of its levels.

You collected 231 gold pieces.
You spent 222 gold pieces at shops.

Inventory:

Hand Weapons
 a - a +1 short sword of speed (weapon)
 p - a +2 war axe of flaming
Armour
 b - a +0 hat (worn)
Magical Staves
 m - a staff of air
Jewellery
 e - a ring of willpower (left tentacle)
 g - a +6 ring of strength (right tentacle)
Scrolls
 f - 2 scrolls of teleportation {unknown}
 i - a scroll of fear {unknown}
 j - 2 scrolls of blinking
 k - a scroll of enchant armour {unknown}
 l - a scroll of poison {unknown}
 n - 2 scrolls of identify {unknown}
Potions
 c - a potion of magic
 h - 2 potions of curing {unknown}
 o - 2 potions of ambrosia {unknown}
 q - 3 potions of heal wounds


   Skills:
 - Level 2.0 Dodging
 - Level 2.6 Stealth
 + Level 3.8 Spellcasting
 + Level 2.6 Conjurations
 - Level 1.0 Summonings
 + Level 2.2 Translocations
 + Level 1.9 Poison Magic


You had 5 spell levels left.
You knew the following spells:

 Your Spells              Type           Power      Damage    Failure   Level
a - Magic Dart            Conj           48%        1d5       5%          1
d - Mephitic Cloud        Conj/Pois/Air  8%         N/A       24%         3
e - Blink                 Tloc           22%        N/A       9%          2

Your spell library contained the following spells:

 Spells                   Type           Power      Damage    Failure   Level
 Summon Small Mammal      Summ           28%        N/A       10%         1
 Slow                     Hex            12%        N/A       16%         1
 Call Imp                 Summ           7%         N/A       16%         2
 Cigotuvi's Dreadful Rot  Necr/Pois/Air  10%        N/A       17%         2
 Call Canine Familiar     Summ           7%         N/A       30%         3
 Summon Guardian Golem    Hex/Summ       5%         N/A       36%         3
 Dispel Undead            Necr           3%         3d7       83%         4
 Death Channel            Necr           1%         N/A       100%        6


Dungeon Overview and Level Annotations

Branches:
Dungeon (5/15)
 Temple: D:4-7

Altars:

Shops:
D:1 [=?!

Annotations:
D:3 Grinder
D:5 Menkaure


Innate Abilities, Weirdness & Mutations

You cannot wear most types of armour.
You are amphibious.
You can wear up to eight rings at the same time.
Your skin changes colour to match your surroundings (Stealth+).
Your rubbery body absorbs attacks. (AC +1, EV +1)
You are camouflaged when in or above water. (Stealth+)
You have tentacles for arms and can constrict up to eight enemies at once.


Message History

The stinking cloud engulfs the ogre but does no damage.
You hear a shout! x4
The ogre is engulfed in noxious fumes.
The ogre appears confused.
Unknown command.
The black bear is engulfed in noxious fumes.
The black bear appears confused.
Found a scroll labelled EBOUPR WAUB.
A lemure comes into view.
The black bear barely misses the ogre.
The black bear claws the ogre. x2
The ogre says, "I'm a little confused."
Menkaure, Prince of Dust comes into view.
Found a stone staircase leading down.
You enter the deep water.
You hear a distant slurping noise.
The lemure splashes around in the water.
You hit the lemure but do no damage. Your grab misses the lemure.
You closely miss the lemure. Your grab misses the lemure. The lemure hits you.
You closely miss the lemure. Your grab misses the lemure.
Your tentacle-slap misses the lemure.
The lemure splashes around in the water.
You hit the ogre. You squeeze the ogre.
The ogre is heavily wounded.
The ogre barely misses you.
You hit the ogre. You squeeze the ogre.
The ogre is severely wounded.
The lemure hits you!
You hit the ogre. Your squeeze misses the ogre.
The ogre is severely wounded.
The lemure barely misses you.
You hit the ogre but do no damage.
The ogre is severely wounded.
The ogre barely misses you.
You hit the ogre.
The ogre is almost dead.
The lemure splashes around in the water.
You barely miss the ogre.
The ogre is almost dead.
The ogre hits you with a +0 giant spiked club!!!
Ouch! That really hurt!
You die...

........)...#
....##..##..# ###
#...##..##..####≈≈#
#............#≈≈≈≈#
.....hO...O...#≈##≈#
?...(######5###≈≈### ..
.....##M.##.###≈≈≈## ...
......'.......#≈≈≈≈#.~..
##. ..#.......#@≈≈~~~~~~
#. #.......O5≈≈~~~~~~
########..~~≈~~~~~
#.~~~≈~~~~~ #....~~...~
+.....+.... #..#..#.##.
#..#### # ....


You could see an ogre and a lemure.

Vanquished Creatures
  2 orc wizards
  A worm (D:2)
  6 orcs
  3 ball pythons
  4 bats
  4 endoplasms
  2 giant cockroaches (D:1)
  4 goblins
  9 hobgoblins
  4 kobolds
  6 quokkas
  2 frilled lizards (D:1)
  6 rats
53 creatures vanquished.

Vanquished Creatures (others)
  16 plants (D:3)
16 creatures vanquished.

Grand Total: 69 creatures vanquished

Notes
Turn   | Place    | Note
-------+----------+-------------------------------------------
     0 | D:1      | mopl the Octopode Hedge Wizard began the quest for the Orb.
     0 | D:1      | Reached XP level 1. HP: 11/11 MP: 4/4
   216 | D:1      | Found Dooreust's Antique Armour Boutique.
   375 | D:1      | Reached XP level 2. HP: 17/17 MP: 6/6
   378 | D:1      | Learned a level 2 spell: Blink
   392 | D:1      | Found Pomas's Distillery.
   417 | D:1      | Bought a potion of degeneration for 13 gold pieces
   541 | D:1      | You fall into a shaft and drop 1 floor!
   653 | D:2      | Reached XP level 3. HP: 21/21 MP: 3/7
   664 | D:2      | Learned a level 3 spell: Mephitic Cloud
   831 | D:2      | Reached skill level 2 in Conjurations
  1544 | D:1      | Found Xepoot's Jewellery Shop.
  1612 | D:1      | Found Ygoxtaysk's Magic Scroll Shoppe.
  1616 | D:1      | Bought a scroll of blinking for 105 gold pieces
  2078 | D:3      | Noticed Grinder
  2256 | D:3      | Reached skill level 1 in Poison Magic
  2317 | D:3      | Reached skill level 2 in Translocations
  2317 | D:3      | Reached XP level 4. HP: 25/27 MP: 5/9
  2570 | D:1      | Bought a potion of heal wounds for 65 gold pieces
  2570 | D:1      | Bought a potion of attraction for 39 gold pieces
  2897 | D:5      | Entered Level 5 of the Dungeon
  2953 | D:5      | Noticed a black bear
  2956 | D:5      | Reached XP level 5. HP: 24/31 MP: 10/10
  2956 | D:5      | Noticed an ogre
  2963 | D:5      | Noticed a lemure
  2969 | D:5      | Noticed Menkaure
  2995 | D:5      | Mangled by an ogre

Illustrated notes

Levels and vault maps discovered:
D:1:      minmay_arrival_widening_spiral_narrow, layout_basic, serial_shops,
          shop, nicolae_shop_advertising_works [nicolae_subvault_shop_adworks],
          nicolae_shop_crystal, nicolae_square_shop, grunt_decor_mini_mirrors
D:2:      layout_basic, palyth_stone_intersect
D:3:      layout_basic, serial_shops, nicolae_square_shop, serial_bayou,
          serial_bayou_shore_a, serial_bayou_lagoon_a, serial_bayou_lagoon_b,
          serial_bayou_pond_c, hangedman_glass_teeth, minmay_misc_feat_plants,
          chequers_mini_garden, dk_noncrumbling_4, uniq_grinder
D:4:      minmay_door_path, layout_gridville, old_standard_altar,
          serial_co_window_serial, co_window_paths_b,
          co_window_of_opportunity_a, co_window_paths_a, co_window_paths_a,
          co_window_paths_a, co_window_broadway_b, co_window_corner_ca,
          co_window_broadway_c, co_window_corner_b, glass_columns_a,
          glass_columns_b, glass_columns_c, glass_columns_b, uniq_robin
D:5:      layout_gridville, tgw_kikubaaqudgha, serial_rivers,
          chequers_serial_rivers_large_a, chequers_serial_rivers_micro_b,
          chequers_serial_rivers_micro_c, chequers_serial_rivers_marsh,
          chequers_serial_rivers_micro_e, chequers_serial_rivers_room_b,
          uniq_menkaure, uniq_pikel, uniq_edmund, uniq_sigmund,
          uniq_crazy_yiuf_cottage

Skill      XL: |  1  2  3 |
---------------+----------+-----
Conjurations   | 2 |  2.6
Poison Magic   | 1 |  1.9
Translocations | 2 |  2.2
Dodging        | |  2.0
Stealth        | |  2.6
Spellcasting   | |  3.8
Summonings     | |  1.0

Action                     |  1- 3 |  4- 6 || total
---------------------------+-------+-------++-------
  Melee: Dagger            |    47 |       ||    47
         Constrict         |    17 |     2 ||    19
         Tentacles         |    11 |     4 ||    15
         Short sword       |    27 |    17 ||    44
  Throw: Dart              |       |     2 ||     2
   Cast: Magic Dart        |    29 |    13 ||    42
         Mephitic Cloud    |     1 |     1 ||     2
   Stab: Sleeping          |    13 |     1 ||    14
 Armour: Skin              |     4 |       ||     4
  Dodge: Dodged            |    28 |     5 ||    33

Table legend: (Time is in decaauts)
 A = Elapsed time spent in this place.
 B = Non-inter-level travel time spent in this place.
 C = Inter-level travel time spent in this place.
 D = Time resting spent in this place.
 E = Time spent auto-exploring this place.
 F = Levels seen in this place.
 G = Mean time per level.
                   A        B        C        D        E       F      G
               +--------+--------+--------+--------+--------+-----+--------+
         Total |   2982 |   2417 |    565 |    161 |   1828 |   5 |  596.4 |
       Dungeon |   2982 |   2417 |    565 |    161 |   1828 |   5 |  596.4 |
               +--------+--------+--------+--------+--------+-----+--------+

Top non-repeatable levels by time:
     D:1: 1485 daAuts
     D:2: 909 daAuts
     D:3: 300 daAuts
     D:4: 195 daAuts
     D:5: 92 daAuts
